 Dungeon Sprint DCSS version 0.29-a0-284-gf9362112df (webtiles) character file.

Game seed: 16502219661331795106

2935 mhtbhm the Fighter (level 9, -3/114 HPs)
             Began as an Octopode Berserker on Apr 1, 2022.
             Was an Elder of Trog.
             Succumbed to Sonja's poison
             ... in the Dungeon (Sprint I: "Red Sonja").
             The game lasted 00:01:51 (1718 turns).

mhtbhm the Fighter (Octopode Berserker)             Turns: 1718, Time: 00:01:52

Health: -3/114     AC:  1    Str: 21    XL:     9   Next: 80%
Magic:  9/9        EV: 17    Int:  9    God:    Trog [****..]
Gold:   535        SH:  5    Dex: 11    Spells: 8/8 levels left

rFire   . . .      SeeInvis .   a - +0 flail (vorpal)
rCold   . . .      Faith    .   (no shield)
rNeg    . . .      Spirit   .   (helmet restricted)
rPois   .          Reflect  +   j - amulet of reflection
rElec   .          Harm     .   (no ring)
rCorr   .          Rampage  .   (no ring)
Will    .....      NoTele   +   (no ring)
Stlth   ..........              (no ring)
HPRegen 0.29/turn               (no ring)
MPRegen 0.11/turn               (no ring)
                                (no ring)
                                (no ring)

@: berserking (expiring), lethally poisoned (-3 -> -79), very quick
A: almost no armour, amphibious, 8 rings, camouflage 1, gelatinous body 1,
(nimble swimmer 1), tentacles
a: Renounce Religion, Berserk, Trog's Hand, Brothers in Arms


You were in the Dungeon.
You worshipped Trog.
Trog was greatly pleased with you.
You visited 1 branch You collected 535 gold pieces.

Inventory:

Hand Weapons
 a - a +0 vorpal flail (weapon)
 m - a +0 hand axe
Jewellery
 j - an amulet of reflection (around mantle)
Wands
 h - a wand of flame (22)
Scrolls
 g - a scroll of amnesia {unknown}
 k - a scroll of identify {unknown}
 l - a scroll of blinking
Potions
 b - a potion of curing
 c - a potion of heal wounds
 d - 2 potions of haste
 e - 2 potions of magic
 f - a potion of berserk rage
 i - a potion of brilliance {unknown}


   Skills:
 + Level 13.0 Fighting
 + Level 12.6 Axes
 + Level 12.5 Dodging
 + Level 8.2 Stealth
 + Level 1.2 Shields
 + Level 1.4 Evocations


You had 8 spell levels left.
You didn't know any spells.
Your spell library was empty.

Dungeon Overview and Level Annotations

Branches:
Dungeon (1/1)

Altars:
Cheibriados
Dithmenos
Elyvilon
Fedhas
Gozag
Hepliaklqana
Kikubaaqudgha
Makhleb
Nemelex Xobeh
Okawaru
Qazlal
Ru
Sif Muna
Trog
Uskayaw
Vehumet
Wu Jian
Xom
Yredelemnul
Zin
The Shining One
Jiyva
Lugonu

Shops:
D ([

Annotations:
D Sonja


Innate Abilities, Weirdness & Mutations

You cannot wear most types of armour.
You are amphibious.
You can wear up to eight rings at the same time.
Your skin changes colour to match your surroundings (Stealth+).
Your rubbery body absorbs attacks. (AC +1, EV +1)
((You are camouflaged when in or above water. (Stealth+)))
You have tentacles for arms and can constrict up to eight enemies at once.


Message History

You miss Sonja. Your grab misses Sonja. Your squeeze misses Sonja.
Sonja is moderately wounded.
You feel sick.
Sonja hits you with a +2 dagger of venom!
You are more poisoned.
Sonja hits you with a +2 dagger of venom. x2
You are more poisoned.
You barely miss Sonja. Your grab misses Sonja.
Sonja is moderately wounded.
You feel extremely sick.
You closely miss Sonja. Your grab misses Sonja.
Sonja is moderately wounded.
You feel very sick.
Sonja hits you with a +2 dagger of venom.
You are more poisoned.
Sonja misses you. x2
You miss Sonja. Your grab misses Sonja.
Sonja is moderately wounded.
You feel extremely sick.
Sonja hits you with a +2 dagger of venom.
You are more poisoned.
Sonja barely misses you.
Sonja hits you with a +2 dagger of venom.
* * * LOW HITPOINT WARNING * * *
You are more poisoned.
You miss Sonja. Your grab misses Sonja. Your squeeze misses Sonja.
Sonja is moderately wounded.
* * * LOW HITPOINT WARNING * * *
You feel extremely sick.
Sonja says, "I'm academy-trained, you know."
Sonja hits you with a +2 dagger of venom!
* * * LOW HITPOINT WARNING * * *
You are more poisoned.
Sonja closely misses you.
Sonja hits you with a +2 dagger of venom.
* * * LOW HITPOINT WARNING * * *
Unknown command.
You barely miss Sonja. Your grab misses Sonja.
Sonja is moderately wounded.
You die...

#..#####'#####'#__####...+
#..####..#...#.####§§#####
#..#__####..##"#≈≈§.)#
#..#_____##'#_.§§§§§§+
#⌠⌠#_.∩...'.§._#§≈≈§§#
####_..__##_.#'##'####
#_____###+#.#....###
#########.####'###.##
+$.$'@K...'.∩#
#$.$########## ##.## #+


You could see Sonja.

Vanquished Creatures
  2 centaur warriors (D)
  A deep troll (D)
  2 kobold demonologists (D)
  A slime creature (D)
  Sigmund (D)
  A yak (D)
  A floating eye (D)
  An ogre (D)
  A jelly (D)
  Ijyb (D)
12 creatures vanquished.

Notes
Turn   | Place    | Note
-------+----------+-------------------------------------------
     0 | D        | mhtbhm the Octopode Berserker began the quest for the Orb.
     0 | D        | Reached XP level 1. HP: 16/16 MP: 1/1
     1 | D        | Noticed Ijyb
     9 | D        | Killed Ijyb
    10 | D        | Reached skill level 4 in Fighting
    10 | D        | Reached XP level 2. HP: 3/23 MP: 2/2
    10 | D        | Reached XP level 3. HP: 4/27 MP: 3/3
   265 | D        | Noticed an ogre
   271 | D        | Killed an ogre
   272 | D        | Reached skill level 6 in Fighting
   272 | D        | Reached skill level 5 in Axes
   272 | D        | Reached XP level 4. HP: 36/36 MP: 4/4
   415 | D        | Noticed Sigmund
   427 | D        | Killed Sigmund
   427 | D        | Reached ** piety under Trog
   428 | D        | Reached skill level 7 in Fighting
   428 | D        | Reached XP level 5. HP: 22/44 MP: 5/5
   428 | D        | Reached XP level 6. HP: 25/50 MP: 6/6
   653 | D        | Found an ornate altar of the Wu Jian Council.
   653 | D        | Found a shimmering blue altar of Sif Muna.
   655 | D        | Found a radiant altar of Vehumet.
   659 | D        | Reached skill level 8 in Fighting
   727 | D        | Found Zuocvowoo's Weapon Emporium.
   727 | D        | Found an ancient bone altar of Kikubaaqudgha.
   727 | D        | Found a hazy altar of Hepliaklqana.
   727 | D        | Found a stormy altar of Qazlal.
   727 | D        | Found a hide-covered altar of Uskayaw.
   727 | D        | Found a blossoming altar of Fedhas.
   727 | D        | Found a bloodstained altar of Trog.
   727 | D        | Found an iron altar of Okawaru.
   727 | D        | Found a basalt altar of Yredelemnul.
   727 | D        | Found a glowing golden altar of the Shining One.
   727 | D        | Found a snail-covered altar of Cheibriados.
   727 | D        | Found a sacrificial altar of Ru.
   727 | D        | Found a glowing silver altar of Zin.
   727 | D        | Found a shadowy altar of Dithmenos.
   727 | D        | Found a white marble altar of Elyvilon.
   727 | D        | Noticed a yak
   728 | D        | Found an opulent altar of Gozag.
   743 | D        | Killed a yak
   744 | D        | Reached skill level 9 in Fighting
   744 | D        | Reached skill level 1 in Stealth
   744 | D        | Reached XP level 7. HP: 21/57 MP: 7/7
   744 | D        | Found a sparkling altar of Nemelex Xobeh.
   971 | D        | Found a burning altar of Makhleb.
   971 | D        | Found a viscous altar of Jiyva.
   971 | D        | Found a shimmering altar of Xom.
   971 | D        | Found a corrupted altar of Lugonu.
   971 | D        | Noticed a slime creature
   982 | D        | Killed a slime creature
  1179 | D        | Noticed a kobold demonologist
  1180 | D        | Noticed a kobold demonologist
  1184 | D        | Reached skill level 10 in Fighting
  1184 | D        | Reached skill level 10 in Dodging
  1188 | D        | Killed a kobold demonologist
  1188 | D        | Reached *** piety under Trog
  1189 | D        | Reached skill level 10 in Axes
  1189 | D        | Reached XP level 8. HP: 66/66 MP: 8/8
  1192 | D        | Killed a kobold demonologist
  1193 | D        | Reached skill level 11 in Fighting
  1249 | D        | Noticed a centaur warrior
  1251 | D        | Noticed a centaur warrior
  1260 | D        | Killed a centaur warrior
  1260 | D        | Reached **** piety under Trog
  1261 | D        | Reached skill level 1 in Shields
  1261 | D        | Reached skill level 1 in Evocations
  1261 | D        | Reached XP level 9. HP: 30/73 MP: 9/9
  1264 | D        | Killed a centaur warrior
  1265 | D        | Reached skill level 12 in Fighting
  1554 | D        | Noticed a deep troll
  1562 | D        | Killed a deep troll
  1563 | D        | Reached skill level 13 in Fighting
  1598 | D        | Found Wesu Daoloakh's Armour Emporium.
  1705 | D        | Noticed Sonja
  1718 | D        | Succumbed to Sonja's poison

Illustrated notes

Levels and vault maps discovered:
D:        dungeon_sprint_1 [red_sonja_temple_1, red_sonja_temple_small_1]

Skill      XL: |  1  2  3  4  5  6  7  8  9 |
---------------+----------------------------+-----
Fighting       | 4 6 7 9 10 11 13 | 13.0
Axes           | 4 5 7 8 10 11 12 | 12.6
Dodging        | 4 6 7 9 10 11 12 | 12.5
Stealth        | 1 3 6 8 |  8.2
Shields        | 1 |  1.2
Evocations     | 1 |  1.4

Action                   |  1- 3 |  4- 6 |  7- 9 || total
-------------------------+-------+-------+-------++-------
Melee: Hand axe          |    10 |    26 |    36 ||    72
       Tentacles         |     1 |     4 |    12 ||    17
       Constrict         |     1 |       |     3 ||     4
       Flail             |       |       |     8 ||     8
Invok: Berserk           |     2 |     3 |     5 ||    10
Evoke: Wand              |       |       |     2 ||     2
  Use: Scroll            |       |       |     1 ||     1
 Stab: Sleeping          |       |     1 |     4 ||     5
Armor: Skin              |       |       |     2 ||     2
Dodge: Dodged            |     5 |     4 |    32 ||    41
Block: Other             |       |     4 |     3 ||     7

Table legend: (Time is in decaauts)
 A = Elapsed time spent in this place.
 B = Non-inter-level travel time spent in this place.
 C = Inter-level travel time spent in this place.
 D = Time resting spent in this place.
 E = Time spent auto-exploring this place.
 F = Levels seen in this place.
 G = Mean time per level.
                   A        B        C        D        E       F      G
               +--------+--------+--------+--------+--------+-----+--------+
         Total |   1782 |   1782 |      0 |   1477 |      1 |   1 | 1782.0 |
       Dungeon |   1782 |   1782 |      0 |   1477 |      1 |   1 | 1782.0 |
               +--------+--------+--------+--------+--------+-----+--------+

Top non-repeatable levels by time:
       D: 1782 daAuts
